General information
- name: BNet
- type: Ladder team game (AT/RT)
- host: Battle.net
- saver: BEAR_AND
map: Highperch
- players: 6
- length: 118:24
- speed: Fast
- version: 1.21 W3XP
- replay type:

» download(411 KB)
Players
team 1 (winner)
BEAR_AND (
green | 47 APM | 5510 actions | 118:24)
4 Archmage
2 Blizzard
2 Brilliance Aura
1 Warden
1 Blink
» actions
| Assign group hotkey | 28 | |
| Basic commands | 35 | |
| Build / train | 138 | |
| Enter build submenu | 103 | |
| Enter hero's abilities submenu | 6 | |
| Give item / drop item | 3 | |
| Remove unit from queue | 1 | |
| Right click | 2188 | |
| Select / deselect | 909 | |
| Select group hotkey | 1690 | |
| Use ability | 408 | |
5510 total
» units
| Peasant | 18 | |
| Gryphon Rider | 4 | |
| Dragonhawk Rider | 14 | |
36 total
» upgrades
| Masonry | 3 | |
| Magic Sentry | 1 | |
| Animal War Training | 1 | |
| Swords | 3 | |
| Armor | 3 | |
| Cloud | 1 | |
12 total
» buildings
| Altar of Kings | 1 | |
| Farm | 23 | |
| Lumber Mill | 1 | |
| Scout Tower | 172 | |
| Guard Tower | 68 | |
| Keep | 1 | |
| Town Hall | 3 | |
| Arcane Vault | 1 | |
| Arcane Sanctum | 2 | |
| Castle | 1 | |
| Gryphon Aviary | 2 | |
| Blacksmith | 1 | |
| Barracks | 1 | |
| Arcane Tower | 6 | |
283 total
» build order
00:07 Altar of Kings
00:11 Farm
00:20 Lumber Mill
00:42 Farm
01:40 Scout Tower
01:43 Scout Tower
02:05 Scout Tower
02:06 Scout Tower
02:08 Guard Tower
02:18 Guard Tower
02:36 Scout Tower
02:37 Scout Tower
02:38 Guard Tower
02:44 Guard Tower
02:46 Scout Tower
03:25 Guard Tower
03:28 Scout Tower
03:28 Scout Tower
03:29 Scout Tower
03:30 Scout Tower
03:43 Keep
04:00 Guard Tower
04:14 Scout Tower
04:14 Scout Tower
04:27 Guard Tower
04:30 Scout Tower
04:31 Scout Tower
04:32 Scout Tower
04:32 Scout Tower
04:33 Scout Tower
04:34 Scout Tower
04:55 Guard Tower
05:00 Scout Tower
05:01 Scout Tower
05:01 Scout Tower
05:07 Scout Tower
05:07 Scout Tower
05:08 Scout Tower
05:12 Scout Tower
05:12 Scout Tower
05:13 Scout Tower
05:20 Guard Tower
05:36 Guard Tower
06:14 Guard Tower
06:18 Guard Tower
06:34 Scout Tower
06:48 Town Hall
07:11 Guard Tower
07:11 Guard Tower
07:11 Guard Tower
07:13 Guard Tower
07:14 Guard Tower
07:18 Guard Tower
07:46 Guard Tower
08:06 Town Hall
08:08 Guard Tower
08:17 Arcane Vault
08:52 Arcane Sanctum
08:57 Arcane Sanctum
10:07 Town Hall
10:32 Guard Tower
10:38 Scout Tower
10:39 Scout Tower
10:41 Scout Tower
11:06 Castle
11:42 Gryphon Aviary
11:44 Gryphon Aviary
11:57 Blacksmith
13:05 Guard Tower
13:29 Barracks
14:18 Scout Tower
14:19 Scout Tower
14:19 Scout Tower
16:21 Scout Tower
16:22 Scout Tower
17:26 Farm
17:26 Farm
17:27 Farm
17:27 Farm
17:29 Farm
17:29 Farm
17:30 Farm
17:32 Farm
17:33 Farm
17:33 Farm
17:34 Farm
17:48 Guard Tower
17:50 Scout Tower
17:51 Scout Tower
18:13 Guard Tower
19:01 Guard Tower
19:25 Farm
19:26 Farm
19:28 Farm
19:29 Farm
21:26 Scout Tower
21:27 Scout Tower
21:29 Scout Tower
21:30 Scout Tower
22:05 Guard Tower
23:06 Scout Tower
23:34 Guard Tower
26:37 Scout Tower
26:37 Scout Tower
26:38 Scout Tower
26:40 Scout Tower
26:44 Scout Tower
26:45 Scout Tower
26:45 Scout Tower
26:50 Scout Tower
26:51 Scout Tower
26:52 Scout Tower
26:53 Scout Tower
26:58 Scout Tower
26:59 Scout Tower
26:59 Scout Tower
27:06 Scout Tower
27:07 Scout Tower
27:08 Scout Tower
27:09 Scout Tower
27:49 Guard Tower
27:59 Guard Tower
28:03 Guard Tower
28:07 Scout Tower
28:08 Scout Tower
28:10 Scout Tower
28:10 Scout Tower
28:34 Guard Tower
28:47 Guard Tower
28:51 Guard Tower
28:52 Scout Tower
28:54 Scout Tower
28:55 Scout Tower
28:56 Scout Tower
29:11 Guard Tower
29:20 Scout Tower
30:02 Scout Tower
30:04 Scout Tower
30:06 Scout Tower
30:09 Scout Tower
30:10 Scout Tower
30:13 Arcane Tower
30:16 Guard Tower
30:35 Scout Tower
30:37 Scout Tower
30:41 Guard Tower
30:44 Scout Tower
30:45 Scout Tower
30:57 Guard Tower
31:00 Scout Tower
31:01 Scout Tower
31:02 Guard Tower
31:30 Guard Tower
31:39 Guard Tower
31:45 Scout Tower
31:47 Scout Tower
31:48 Scout Tower
31:51 Guard Tower
31:52 Scout Tower
31:56 Scout Tower
32:02 Guard Tower
32:03 Scout Tower
32:04 Scout Tower
32:24 Scout Tower
32:26 Scout Tower
32:27 Scout Tower
32:29 Scout Tower
32:32 Scout Tower
32:35 Guard Tower
32:45 Scout Tower
32:46 Scout Tower
32:49 Guard Tower
32:52 Scout Tower
32:53 Scout Tower
32:58 Scout Tower
33:00 Scout Tower
33:01 Guard Tower
33:09 Guard Tower
33:12 Scout Tower
33:13 Scout Tower
33:16 Guard Tower
33:19 Scout Tower
33:22 Scout Tower
33:23 Scout Tower
33:43 Guard Tower
33:47 Scout Tower
33:48 Scout Tower
34:27 Guard Tower
34:31 Scout Tower
34:32 Scout Tower
34:33 Scout Tower
34:34 Scout Tower
34:35 Scout Tower
34:37 Scout Tower
34:38 Scout Tower
34:40 Scout Tower
34:42 Guard Tower
34:46 Scout Tower
34:47 Scout Tower
34:48 Scout Tower
34:48 Scout Tower
34:51 Scout Tower
34:56 Scout Tower
34:56 Scout Tower
34:57 Scout Tower
34:58 Scout Tower
35:20 Scout Tower
35:21 Scout Tower
35:22 Scout Tower
35:44 Scout Tower
35:45 Scout Tower
35:47 Scout Tower
35:50 Scout Tower
35:51 Scout Tower
35:53 Scout Tower
36:07 Guard Tower
36:12 Arcane Tower
36:15 Guard Tower
36:18 Arcane Tower
36:21 Scout Tower
36:23 Guard Tower
36:24 Scout Tower
36:26 Scout Tower
36:27 Scout Tower
36:27 Scout Tower
36:38 Guard Tower
37:11 Guard Tower
37:15 Scout Tower
37:16 Scout Tower
37:19 Scout Tower
37:21 Scout Tower
37:44 Guard Tower
37:50 Scout Tower
37:51 Scout Tower
37:52 Scout Tower
37:53 Scout Tower
37:54 Scout Tower
37:57 Scout Tower
37:59 Scout Tower
38:03 Scout Tower
38:04 Scout Tower
38:08 Arcane Tower
38:11 Guard Tower
38:45 Guard Tower
38:52 Scout Tower
38:54 Scout Tower
38:55 Scout Tower
38:57 Guard Tower
39:01 Scout Tower
39:01 Scout Tower
39:16 Scout Tower
39:16 Scout Tower
39:21 Scout Tower
39:32 Guard Tower
39:39 Scout Tower
40:47 Farm
40:48 Farm
41:08 Guard Tower
41:11 Scout Tower
41:13 Scout Tower
41:15 Scout Tower
42:02 Guard Tower
42:07 Scout Tower
42:08 Scout Tower
42:18 Farm
42:19 Farm
42:24 Farm
42:24 Farm
42:51 Guard Tower
42:56 Scout Tower
42:56 Scout Tower
42:58 Scout Tower
43:01 Scout Tower
43:05 Guard Tower
43:10 Scout Tower
43:11 Scout Tower
44:18 Arcane Tower
44:18 Guard Tower
44:24 Arcane Tower
44:25 Guard Tower
44:25 Guard Tower
46:36 Guard Tower
» items
| Healing Salve | 1 | |
| Orb of Lightning | 2 | |
| Potion of Healing | 1 | |
| Scroll of Town Portal | 1 | |
5 total
dirtmcgirt (
blue | 49 APM | 5855 actions | 118:21)
9 Blademaster
3 Wind Walk
3 Critical Strike
1 Bladestorm
2 Mirror Image
7 Goblin Alchemist
3 Chemical Rage
3 Acid Bomb
1 Transmute
» actions
| Basic commands | 15 | |
| Build / train | 51 | |
| Enter build submenu | 36 | |
| Enter hero's abilities submenu | 17 | |
| Give item / drop item | 16 | |
| Right click | 4084 | |
| Select / deselect | 1426 | |
| Use ability | 210 | |
5855 total
» units
» upgrades
» buildings
| Altar of Storms | 2 | |
| Orc Burrow | 5 | |
| War Mill | 1 | |
| Watch Tower | 32 | |
| Stronghold | 1 | |
| Voodoo Lounge | 2 | |
| Fortress | 1 | |
44 total
» build order
00:09 Altar of Storms
00:17 Orc Burrow
00:45 War Mill
01:59 Watch Tower
02:11 Watch Tower
02:58 Watch Tower
03:04 Watch Tower
03:36 Watch Tower
04:07 Watch Tower
04:45 Watch Tower
04:46 Watch Tower
04:49 Stronghold
05:20 Watch Tower
05:37 Watch Tower
06:09 Voodoo Lounge
06:29 Watch Tower
06:55 Watch Tower
08:02 Watch Tower
08:08 Watch Tower
08:10 Fortress
08:19 Watch Tower
08:21 Watch Tower
10:38 Watch Tower
10:39 Watch Tower
10:39 Watch Tower
10:47 Watch Tower
10:47 Watch Tower
11:24 Watch Tower
11:25 Watch Tower
13:00 Watch Tower
13:01 Watch Tower
13:01 Watch Tower
13:47 Voodoo Lounge
14:35 Watch Tower
17:14 Orc Burrow
17:21 Watch Tower
17:23 Watch Tower
24:14 Watch Tower
24:15 Watch Tower
24:19 Watch Tower
42:01 Altar of Storms
44:38 Orc Burrow
44:53 Orc Burrow
54:28 Orc Burrow
» items
| Boots of Speed | 3 | |
| Staff of Teleportation | 4 | |
| Healing Salve | 2 | |
| Lesser Clarity Potion | 4 | |
| Orb of Lightning | 1 | |
| Potion of Healing | 1 | |
| Staff of Sanctuary | 1 | |
| Scroll of Town Portal | 1 | |
| Mechanical Critter | 2 | |
| Dust of Appearance | 1 | |
20 total
peonparadise (
teal | 17 APM | 2069 actions | 118:21)
4 Warden
2 Shadow Strike
2 Blink
» actions
| Assign group hotkey | 3 | |
| Basic commands | 3 | |
| Build / train | 68 | |
| Enter build submenu | 13 | |
| Enter hero's abilities submenu | 4 | |
| Give item / drop item | 2 | |
| Right click | 1298 | |
| Select / deselect | 221 | |
| Select group hotkey | 397 | |
| Use ability | 60 | |
2069 total
» units
| Wisp | 19 | |
| Druid of the Talon | 17 | |
| Hippogryph | 6 | |
42 total
» upgrades
| Strength of the Wild | 3 | |
| Reinforced Hides | 3 | |
| Ultravision | 1 | |
| Druid of the Talon Training | 2 | |
| Well Spring | 1 | |
| Mark of the Talon | 1 | |
| Strength of the Moon | 3 | |
| Moon Armor | 2 | |
16 total
» buildings
| Moon Well | 9 | |
| Altar of Elders | 1 | |
| Hunter's Hall | 1 | |
| Tree of Ages | 1 | |
| Tree of Eternity | 1 | |
| Ancient of Wind | 2 | |
15 total
» build order
00:08 Moon Well
00:13 Altar of Elders
03:27 Moon Well
03:34 Moon Well
04:48 Moon Well
04:54 Moon Well
05:03 Hunter's Hall
05:45 Moon Well
05:53 Moon Well
06:31 Tree of Ages
06:52 Moon Well
08:06 Moon Well
08:59 Tree of Eternity
09:29 Ancient of Wind
10:12 Ancient of Wind
» items
| Tiny Great Hall | 1 | |
| Orb of Lightning | 2 | |
3 total
team 2 (loser)
pissonyourgrave (
purple | 12 APM | 1397 actions | 118:21)
3 Demon Hunter
2 Mana Burn
1 Evasion
» actions
| Basic commands | 2 | |
| Build / train | 66 | |
| Enter build submenu | 33 | |
| Enter hero's abilities submenu | 3 | |
| Give item / drop item | 1 | |
| Right click | 813 | |
| Select / deselect | 422 | |
| Use ability | 57 | |
1397 total
» units
| Wisp | 18 | |
| Archer | 5 | |
| Glaive Thrower | 8 | |
| Hippogryph | 9 | |
| Chimaera | 8 | |
48 total
» upgrades
| Vorpal Blades | 1 | |
| Strength of the Moon | 2 | |
| Strength of the Wild | 3 | |
| Reinforced Hides | 3 | |
| Hippogryph Taming | 1 | |
| Corrosive Breath | 1 | |
| Well Spring | 1 | |
12 total
» buildings
| Moon Well | 13 | |
| Altar of Elders | 1 | |
| Ancient of War | 2 | |
| Tree of Ages | 1 | |
| Hunter's Hall | 1 | |
| Ancient of Wonders | 1 | |
| Ancient of Wind | 1 | |
| Ancient of Lore | 2 | |
| Tree of Eternity | 1 | |
| Chimaera Roost | 2 | |
| Ancient Protector | 1 | |
26 total
» build order
00:05 Moon Well
00:09 Altar of Elders
00:13 Ancient of War
02:12 Moon Well
02:56 Ancient of War
04:28 Tree of Ages
04:36 Moon Well
04:42 Moon Well
05:39 Hunter's Hall
06:20 Ancient of Wonders
10:10 Ancient of Wind
11:06 Moon Well
12:34 Ancient of Lore
12:53 Tree of Eternity
16:05 Ancient of Lore
16:16 Chimaera Roost
16:48 Moon Well
18:42 Chimaera Roost
20:31 Moon Well
21:03 Moon Well
22:31 Moon Well
22:38 Moon Well
23:48 Moon Well
24:45 Moon Well
28:39 Moon Well
57:32 Ancient Protector
Ragnut (
orange | 16 APM | 1705 actions | 109:55)
5 Shadow Hunter
2 Hex
3 Healing Wave
» actions
| Assign group hotkey | 9 | |
| Basic commands | 10 | |
| Build / train | 88 | |
| Enter build submenu | 39 | |
| Enter hero's abilities submenu | 6 | |
| Give item / drop item | 4 | |
| Right click | 711 | |
| Select / deselect | 626 | |
| Select group hotkey | 11 | |
| Use ability | 201 | |
1705 total
» units
| Peon | 16 | |
| Grunt | 4 | |
| Demolisher | 13 | |
| Troll Headhunter/Berserker | 4 | |
| Spirit Walker | 4 | |
| Troll Witch Doctor | 5 | |
| Tauren | 4 | |
| Shaman | 3 | |
53 total
» upgrades
| Pillage | 1 | |
| Berserker Strength | 1 | |
| Ranged Weapons | 3 | |
| Burning Oil | 1 | |
| Spirit Walker Training | 2 | |
| Berserker Upgrade | 1 | |
| Pulverize | 1 | |
| Armor | 3 | |
| Melee Weapons | 3 | |
| Witch Doctor Training | 2 | |
| Shaman Training | 2 | |
| Spiked Barricades | 1 | |
| Troll Regeneration | 1 | |
22 total
» buildings
| Barracks | 3 | |
| Orc Burrow | 6 | |
| Altar of Storms | 1 | |
| Stronghold | 1 | |
| War Mill | 1 | |
| Watch Tower | 22 | |
| Great Hall | 1 | |
| Fortress | 1 | |
| Spirit Lodge | 1 | |
| Tauren Totem | 1 | |
| Voodoo Lounge | 1 | |
39 total
» build order
00:16 Barracks
00:24 Orc Burrow
00:34 Altar of Storms
01:43 Orc Burrow
02:10 Barracks
03:51 Stronghold
04:32 Orc Burrow
04:38 War Mill
06:00 Watch Tower
07:39 Great Hall
08:12 Orc Burrow
08:40 Fortress
10:11 Watch Tower
10:24 Spirit Lodge
13:03 Tauren Totem
14:06 Watch Tower
15:15 Watch Tower
15:28 Orc Burrow
16:42 Watch Tower
17:30 Barracks
18:07 Watch Tower
19:14 Orc Burrow
19:35 Watch Tower
20:46 Watch Tower
21:40 Watch Tower
22:32 Watch Tower
28:37 Watch Tower
28:40 Watch Tower
29:47 Watch Tower
30:30 Voodoo Lounge
30:58 Watch Tower
32:08 Watch Tower
32:45 Watch Tower
33:07 Watch Tower
33:15 Watch Tower
35:06 Watch Tower
42:42 Watch Tower
42:44 Watch Tower
43:24 Watch Tower
» items
| Orb of Lightning | 2 | |
| Scroll of Town Portal | 1 | |
| Staff of Teleportation | 1 | |
| Potion of Lesser Invulnerability | 1 | |
5 total
Skull-Squadron (
red | 23 APM | 2720 actions | 116:05)
4 Blademaster
2 Wind Walk
2 Critical Strike
6 Pit Lord
3 Howl of Terror
1 Cleaving Attack
2 Rain of Fire
» actions
| Assign group hotkey | 95 | |
| Basic commands | 416 | |
| Build / train | 95 | |
| Enter build submenu | 40 | |
| Enter hero's abilities submenu | 9 | |
| Give item / drop item | 5 | |
| Remove unit from queue | 2 | |
| Right click | 3 | |
| Select / deselect | 673 | |
| Select group hotkey | 1146 | |
| Use ability | 236 | |
2720 total
» units
| Peon | 15 | |
| Wind Rider | 5 | |
| Troll Batrider | 19 | |
| Demolisher | 3 | |
| Raider | 6 | |
| Troll Headhunter/Berserker | 1 | |
| Troll Witch Doctor | 3 | |
| Spirit Walker | 1 | |
53 total
» upgrades
| Spiked Barricades | 2 | |
| Armor | 3 | |
| Pillage | 1 | |
| Reinforced Defenses | 1 | |
| Liquid Fire | 1 | |
| Ranged Weapons | 3 | |
| Troll Regeneration | 1 | |
| Ensnare | 1 | |
| Witch Doctor Training | 2 | |
15 total
» buildings
| Altar of Storms | 1 | |
| Orc Burrow | 4 | |
| Voodoo Lounge | 1 | |
| War Mill | 2 | |
| Stronghold | 1 | |
| Watch Tower | 23 | |
| Barracks | 1 | |
| Beastiary | 2 | |
| Great Hall | 1 | |
| Fortress | 1 | |
| Spirit Lodge | 1 | |
38 total
» build order
00:39 Altar of Storms
00:53 Orc Burrow
01:09 Orc Burrow
01:21 Voodoo Lounge
01:51 War Mill
02:10 War Mill
02:21 Orc Burrow
04:36 Stronghold
05:02 Watch Tower
06:25 Watch Tower
06:52 Barracks
07:17 Beastiary
08:06 Watch Tower
09:37 Watch Tower
11:50 Great Hall
13:33 Fortress
13:52 Orc Burrow
14:15 Watch Tower
16:24 Watch Tower
16:33 Beastiary
18:32 Watch Tower
30:51 Watch Tower
33:04 Watch Tower
34:05 Watch Tower
34:07 Watch Tower
34:10 Watch Tower
34:11 Watch Tower
37:58 Spirit Lodge
42:08 Watch Tower
43:18 Watch Tower
43:54 Watch Tower
44:34 Watch Tower
45:59 Watch Tower
46:51 Watch Tower
49:37 Watch Tower
53:51 Watch Tower
56:02 Watch Tower
56:57 Watch Tower
» items
| Scroll of Speed | 2 | |
| Lesser Clarity Potion | 2 | |
| Potion of Healing | 2 | |
| Circlet of Nobility | 1 | |
| Boots of Speed | 1 | |
| Potion of Lesser Invulnerability | 1 | |
| Orb of Lightning | 1 | |
| Tome of Retraining | 1 | |
11 total
Chat log
(01:06 / All) BEAR_AND: you guys ready
(01:08 / All) BEAR_AND: to play?
(01:20 / All) pissonyourgrave: no i gotts take a shit brb
(01:25 / All) dirtmcgirt: we will wait
(01:49 / All) dirtmcgirt: hold it in bro
(04:57 / All) pissonyourgrave: damn i need to drop some friends off at the pool
(05:08 / All) dirtmcgirt: the jackson 5?
(06:07 / All) pissonyourgrave: plz lets veto this map when we at
(17:52 / All) Skull-Squadron: because you guys are pussies u gonna make this an hour long game
(18:02 / All) dirtmcgirt: Fuck
(18:23 / All) Skull-Squadron: i'm not quitting till last peon destroyed
(19:34 / All) Skull-Squadron: get breath upgrade
(20:19 / All) Skull-Squadron: back
(21:49 / All) Skull-Squadron: put some wells near the line
(23:48 / All) dirtmcgirt: LOL
(24:43 / All) Skull-Squadron: put wards out
(24:48 / All) Skull-Squadron: stun
(28:59 / All) BEAR_AND: fuck
(29:02 / All) BEAR_AND: i'm out of gold
(29:04 / All) BEAR_AND: and i have to go soon
(29:06 / All) BEAR_AND: can you quit plz
(29:11 / All) pissonyourgrave: aaaww
(29:21 / All) pissonyourgrave: thats what happens when you tower
(41:35 / All) BEAR_AND: shit
(41:35 / All) BEAR_AND: gg
(42:30 / All) Skull-Squadron: u guys ever gonna attack?
(42:37 / All) BEAR_AND: i have no gold
(42:42 / All) BEAR_AND: don't want to waste my units
(42:46 / All) Skull-Squadron: the attack pussy
(47:13 / All) BEAR_AND: fuck
(47:14 / All) BEAR_AND: gg
(47:17 / All) BEAR_AND: hurry up i have to go soon
(47:19 / All) pissonyourgrave: gg
(48:58 / All) Skull-Squadron: pillage rocks
(50:31 / All) pissonyourgrave: nice to win but what a waste of everynes time with towers
(50:40 / All) BEAR_AND: :(
(51:34 / All) pissonyourgrave: gg
(51:53 / All) Skull-Squadron: screw u guys you are pussies
(51:59 / All) BEAR_AND: gg
(52:11 / All) Skull-Squadron: no screw you for wastin our time
(53:55 / All) BEAR_AND: l
(53:56 / All) BEAR_AND: o
(53:57 / All) BEAR_AND: l
(54:28 / All) peonparadise: hello friends
(54:34 / All) peonparadise: i havent been playing who is winning
(54:45 / All) peonparadise: ;)
(58:30 / All) BEAR_AND: ok tojara
(58:34 / All) BEAR_AND: time's up
(59:08 / All) BEAR_AND: i bet you all are from
(59:10 / All) BEAR_AND: how to say
(59:13 / All) BEAR_AND: U S and A
(59:20 / All) BEAR_AND: we are french, the greatest country in the world
(59:47 / All) Skull-Squadron: so thats why you are cowards
(59:56 / All) peonparadise: we are warriors
(60:10 / All) Skull-Squadron: with no scrotems
(60:44 / All) Skull-Squadron: u got chims still?
(60:46 / All) BEAR_AND: yea
(62:49 / All) Ragnut: u guys must be gay
(62:52 / All) dirtmcgirt: lol
(62:57 / All) dirtmcgirt: u must be
(63:00 / All) dirtmcgirt: a lil kid
(63:00 / All) BEAR_AND: you are
(63:01 / All) BEAR_AND: how to say
(63:03 / All) BEAR_AND: a homo
(63:03 / All) dirtmcgirt: time for bed
(63:11 / All) Skull-Squadron: not gay just cowards w/ no life
(63:17 / All) dirtmcgirt: doesnt ur momy need to use the computer
(63:22 / All) dirtmcgirt: LOL
(63:32 / All) Skull-Squadron: i need to use your mommy
(63:34 / All) Ragnut: man im 38
(63:38 / All) Skull-Squadron: ..again
(63:48 / All) BEAR_AND: no life? just yesterday i was fucking peonparadise in the ass
(72:15 / All) dirtmcgirt: what kind of gay name is skull squadron
(72:23 / All) dirtmcgirt: also i bet you dont know how we got up here
(72:28 / All) pissonyourgrave: youre one to talk lol
(72:34 / All) BEAR_AND: do you want to
(72:35 / All) BEAR_AND: how to say
(72:37 / All) BEAR_AND: 1 v 1?
(72:45 / All) Ragnut: wareden tiny towers
(73:15 / All) dirtmcgirt: um warden cant upgrade the ivory towers
(74:39 / All) dirtmcgirt: lol
(74:41 / All) dirtmcgirt: u dont know
(74:46 / All) dirtmcgirt: how we got up here
(75:20 / Allies) dirtmcgirt: lol
(75:23 / All) Skull-Squadron: u used archmage to teleport worker to air then used teleport wand for other heroes
(75:29 / All) dirtmcgirt: um
(75:31 / All) BEAR_AND: archmage is level 3
(75:34 / All) dirtmcgirt: we have am at level 3
(75:36 / All) dirtmcgirt: wrong
(75:36 / All) pissonyourgrave: i actually dont care
(75:39 / All) dirtmcgirt: lol
(75:42 / All) dirtmcgirt: cause ur dumb
(75:48 / All) dirtmcgirt: dumb american
(75:49 / All) Skull-Squadron: yeah i dont care either
(75:53 / All) dirtmcgirt: the greatest puzzle
(75:56 / All) dirtmcgirt: to these american swine
(76:08 / All) Skull-Squadron: cowardly french Hitler shoulda killed u all
(76:13 / All) dirtmcgirt: y dont u use ur fancy american computer to figure it out
(76:15 / All) dirtmcgirt: big words
(76:20 / All) dirtmcgirt: from a tiny dick american
(76:30 / All) pissonyourgrave: yeah the German woulda done better woth France
(76:30 / All) BEAR_AND: the penises of the french are truly huge
(76:42 / All) dirtmcgirt: larger than that of the puny american
(76:45 / All) BEAR_AND: the asses of our women magnificent
(76:52 / All) Skull-Squadron: and stuck in the asses of their fathers
(77:17 / All) dirtmcgirt: ha american philistine
(77:22 / All) dirtmcgirt: all u think about
(77:24 / All) dirtmcgirt: is anal sex
(77:49 / All) pissonyourgrave: America got France back for the French cause they couldn't handle the Germans
(78:18 / All) Skull-Squadron: i got idea
(78:27 / All) BEAR_AND: do you use "ventrilo"?
(78:29 / All) dirtmcgirt: what
(78:31 / All) BEAR_AND: we can maybe discuss
(78:34 / All) BEAR_AND: your defeat
(78:37 / All) dirtmcgirt: haha
(78:45 / Allies) dirtmcgirt: lol
(79:13 / All) dirtmcgirt: Lol
(79:16 / All) dirtmcgirt: aim higher
(79:18 / All) dirtmcgirt: dumb pigs
(79:33 / All) dirtmcgirt: a little more
(83:23 / All) BEAR_AND: do you use Ventrilo?
(83:30 / All) BEAR_AND: or Teamspeak?
(83:53 / All) dirtmcgirt: guys
(83:55 / All) dirtmcgirt: clan sE
(83:57 / All) dirtmcgirt: for rematch
(84:24 / All) Skull-Squadron: ok after u
(84:32 / All) dirtmcgirt: r u guys in a clan?
(84:41 / All) Skull-Squadron: clan DN
(84:45 / All) dirtmcgirt: Lo
(84:46 / All) dirtmcgirt: l
(84:47 / All) Ragnut: yep
(84:54 / All) dirtmcgirt: our chieftain blind.side
(85:02 / All) dirtmcgirt: talked about how he beat that clan
(91:16 / All) dirtmcgirt: lol
(91:19 / All) dirtmcgirt: u guys are so bad
(91:22 / All) BEAR_AND: that is all
(91:25 / All) BEAR_AND: leave my presence
(91:26 / All) BEAR_AND: now
(91:36 / All) dirtmcgirt: uninstall
(91:43 / All) dirtmcgirt: srsly
(92:37 / All) dirtmcgirt: lol
(92:41 / All) dirtmcgirt: slowly but surely
(95:16 / All) dirtmcgirt: brb LOL
(98:04 / All) BEAR_AND: GG
(98:05 / All) BEAR_AND: lmao
(98:07 / All) dirtmcgirt: GG
(98:08 / All) dirtmcgirt: lmao
(98:10 / All) BEAR_AND: G
(98:11 / All) BEAR_AND: G
(98:11 / All) dirtmcgirt: 3 vs all of you
(98:12 / Allies) BEAR_AND: l
(98:13 / All) dirtmcgirt: and we win
(98:14 / All) BEAR_AND: l
(98:14 / All) BEAR_AND: m
(98:15 / All) BEAR_AND: a
(98:16 / All) BEAR_AND: o
(103:01 / All) dirtmcgirt: Lol
(103:03 / Allies) dirtmcgirt: run bitch
(103:09 / All) dirtmcgirt: Ill get to you
(103:11 / All) dirtmcgirt: in due time
(104:53 / All) dirtmcgirt: lol
(104:56 / All) dirtmcgirt: how long did you spedn
(104:59 / All) dirtmcgirt: losing this game
(105:04 / All) BEAR_AND: 3 hours i think
(105:40 / All) Skull-Squadron: just wasting u cowards time was worth it
(105:44 / All) dirtmcgirt: lol
(105:46 / All) dirtmcgirt: wasting our time
(105:50 / All) BEAR_AND: i'm having fun
(105:50 / All) dirtmcgirt: we do this for fun
(106:01 / All) dirtmcgirt: makin noobs waste their time losing
(106:01 / All) BEAR_AND: i do this every game
(106:11 / All) dirtmcgirt: if this wasnt a ladder game
(106:15 / All) dirtmcgirt: you would have left by now
(106:17 / All) dirtmcgirt: clan sE
(106:19 / All) dirtmcgirt: owns you
(106:36 / All) Skull-Squadron: no we make tower cowards wait every game
(106:46 / All) BEAR_AND: well
(106:47 / All) BEAR_AND: great
(106:52 / All) dirtmcgirt: wait
(106:57 / All) dirtmcgirt: you played tower people before?
(107:03 / All) dirtmcgirt: so you lose to towers all the time?
(107:54 / All) dirtmcgirt: GG
(108:59 / All) dirtmcgirt: lol
(109:00 / All) dirtmcgirt: fag
(109:11 / All) dirtmcgirt: GG
(109:24 / All) Skull-Squadron: no uplayed like shit
(109:27 / All) BEAR_AND: ?
(109:27 / All) dirtmcgirt: lol
(109:29 / All) BEAR_AND: we won
(109:31 / All) BEAR_AND: very cleanly
(109:32 / All) dirtmcgirt: you got outplayed
(109:48 / All) Ragnut: ya GG
(109:57 / All) pissonyourgrave: gg
(110:01 / All) dirtmcgirt: lol bye
(110:03 / All) dirtmcgirt: bye
(110:05 / All) dirtmcgirt: leave
(110:06 / All) dirtmcgirt: leave
(110:07 / All) dirtmcgirt: Leave
(110:09 / All) dirtmcgirt: leave
(110:09 / All) BEAR_AND: leave
(110:10 / All) dirtmcgirt: Leave
(110:11 / All) BEAR_AND: i have to go soon
(110:12 / All) dirtmcgirt: Leave
(110:13 / All) dirtmcgirt: leave
(110:14 / All) BEAR_AND: leave
(110:15 / All) dirtmcgirt: leave
(110:17 / All) BEAR_AND: please leave
(110:18 / All) Skull-Squadron: when last well is done
(110:21 / All) pissonyourgrave: dont care
(111:07 / All) Skull-Squadron: later i m walkin away
(111:23 / All) Skull-Squadron: check in clan channel in 30 minutes
(111:34 / All) dirtmcgirt: clan se?
(111:43 / All) Skull-Squadron: clan FUCK u
(111:48 / All) dirtmcgirt: dont come in clan sE
(111:51 / All) dirtmcgirt: you are trash
(112:27 / All) dirtmcgirt: gg
(112:32 / All) dirtmcgirt: im walking away
(112:37 / All) dirtmcgirt: gg clan sE gg
(114:27 / All) dirtmcgirt: lol
(114:30 / All) dirtmcgirt: 4 hp
(114:33 / All) dirtmcgirt: waste more time
(114:34 / All) dirtmcgirt: losing
(114:47 / All) dirtmcgirt: we are tabbed out laughing at you
(114:49 / All) dirtmcgirt: HA HA H
(114:50 / All) dirtmcgirt: A